 Dungeon Crawl Stone Soup version 0.27.0-1-g7a089689b8 (webtiles) character file.

Game seed: 11235320652141644320

3 ABBCCCDDDD the Thaumaturge (level 1, 0/13 HPs)
             Began as a Gnoll Wanderer on Aug 15, 2021.
             Was a Believer of Ru.
             Slain by a quokka (2 damage)
             ... on level 1 of the Dungeon.
             The game lasted 00:01:49 (398 turns).

ABBCCCDDDD the Thaumaturge (Gnoll Wanderer)          Turns: 398, Time: 00:01:50

Health: 0/13       AC:  2    Str: 11    XL:     1   Next: 50%
Magic:  6/10       EV: 11    Int: 11    God:    Ru [**....]
Gold:   0          SH:  0    Dex: 11    Spells: 17/18 levels left

rFire    x . .     SeeInvis .   a - +0 club
rCold    x . .     Faith    .   (no shield)
rNeg     . . .     Spirit   .   b - +0 robe
rPois    .         Reflect  .   (no helmet)
rElec    .         Harm     .   (no cloak)
rCorr    .         Rampage  .   (no gloves)
Will     .....                  (no boots)
Stlth    +.........             (no amulet)
HPRegen  0.04/turn              (no ring)
MPRegen  0.12/turn              (no ring)

@: no status effects
A: fangs 1, temperature sensitive, strong nose, distributed training
a: Renounce Religion


You were on level 1 of the Dungeon.
You worshipped Ru.
Ru was pleased with you.
You visited 1 branch of the dungeon, and saw 1 of its levels.

Inventory:

Hand Weapons
 a - a +0 club (weapon)
 d - a +0 dagger
Armour
 b - a +0 robe (worn)
Scrolls
 c - a scroll of teleportation
Potions
 e - 2 potions of haste {unknown}


   Skills:
 + Level 0.0 Fighting
 + Level 0.0 Short Blades
 + Level 0.0 Long Blades
 + Level 0.0 Axes
 + Level 0.0 Maces & Flails
 + Level 0.0 Polearms
 + Level 0.0 Staves
 + Level 0.0 Slings
 + Level 0.0 Bows
 + Level 0.0 Crossbows
 + Level 2.3 Throwing
 + Level 0.0 Armour
 + Level 0.0 Dodging
 + Level 0.0 Stealth
 + Level 0.0 Shields
 + Level 0.0 Unarmed Combat
 + Level 9.2 Spellcasting
 + Level 0.0 Conjurations
 + Level 1.9 Hexes
 + Level 1.9 Summonings
 + Level 0.0 Necromancy
 + Level 0.0 Translocations
 + Level 0.0 Transmutations
 + Level 1.9 Fire Magic
 + Level 0.0 Ice Magic
 + Level 0.0 Air Magic
 + Level 0.0 Earth Magic
 + Level 1.9 Poison Magic
 + Level 0.1 Invocations
 + Level 2.3 Evocations


You had 17 spell levels left.
You knew the following spells:

 Your Spells              Type           Power      Damage    Failure   Level
a - Sting                 Tmut/Pois      28%        1d4       10%         1

Your spell library contained the following spells:

 Spells                   Type           Power      Damage    Failure   Level
 Call Imp                 Summ           9%         N/A       10%         2
 Slow                     Hex            9%         N/A       10%         2
 Magic Dart               Conj           20%        1d4       14%         1
 Blink                    Tloc           N/A        N/A       21%         2
 Conjure Flame            Conj/Fire      7%         6-21      28%         3
 Spider Form              Tmut/Pois      3%         N/A       28%         3
 Mephitic Cloud           Conj/Pois/Air  6%         N/A       30%         3


Dungeon Overview and Level Annotations

Branches:
Dungeon (1/15)

Altars:
Ru


Innate Abilities, Weirdness & Mutations

You have very sharp teeth.
You are sensitive to extremes of temperature. (rF-, rC-)
Your uncanny sense of smell can sniff out nearby items.
Your experience applies equally to all skills.


Message History

A quokka comes into view.
The rat bites you.
You closely miss the rat. The rat bites you.
You hit the rat.
The rat is moderately wounded.
The rat bites you.
You are too injured to fight recklessly!
Casting: Sting (safe; 10% risk of failure)
Confirm with . or Enter, or press ? or * to list all spells.
Aiming: Sting (safe; 10% risk of failure)
Press: ? - help, Shift-Dir - straight line, f - rat
Aim: a rat (moderately wounded, 68% to hit)
The sting hits the rat.
The rat is poisoned.
The rat is severely wounded.
You kill the rat!
Casting: Sting (safe; 10% risk of failure)
Confirm with . or Enter, or press ? or * to list all spells.
Aiming: Sting (safe; 10% risk of failure)
Press: ? - help, Shift-Dir - straight line, f - quokka
Aim: a quokka (56% to hit)
The sting misses the quokka.
The quokka bites you but does no damage.
The quokka bites you.
* * * LOW HITPOINT WARNING * * *
Casting: Sting (safe; 10% risk of failure)
Confirm with . or Enter, or press ? or * to list all spells.
Aiming: Sting (safe; 10% risk of failure)
Press: ? - help, Shift-Dir - straight line, f/p - quokka
Aim: a quokka (56% to hit)
The sting hits the quokka but does no damage.
The quokka is poisoned.
The quokka barely misses you.
Casting: Sting (safe; 10% risk of failure)
Confirm with . or Enter, or press ? or * to list all spells.
Aiming: Sting (safe; 10% risk of failure)
Press: ? - help, Shift-Dir - straight line, f/p - quokka
Aim: a quokka (lightly wounded, poisoned, 56% to hit)
The sting hits the quokka.
The quokka looks even sicker.
The quokka is severely wounded.
The quokka bites you.
You die...

#....... #......
#..... #.... #####
#... #...# #..
###...⌠ #r# #......
#@# #.#.⌠._ #.#
#.#.... ######.#
#.##..⌠ #......#
#.##### #.###### #.#
# #.# #.# # #.# #.#
#
##.###############.#
#
#..................#
#


You could see a quokka (very poisoned).

Levels and vault maps discovered:
D:1:      dpeg_arrival_round_c, layout_basic, hellmonk_ecumenical_altar_run_dry,
          chequers_jeans, minmay_tall_x

Notes
Turn   | Place    | Note
-------+----------+-------------------------------------------
     0 | D:1      | Reached skill level 9 in Spellcasting
     0 | D:1      | ABBCCCDDDD the Gnoll Wanderer began the quest for the Orb.
     0 | D:1      | ABBCCCDDDD set off with the following items: a +0 club, a
                  | +0 robe, a scroll of teleportation; and the following
                  | spells available to memorise: Sting, Call Imp, Slow, Magic
                  | Dart, Blink, Conjure Flame, Spider Form, Mephitic Cloud
     0 | D:1      | Reached XP level 1. HP: 13/13 MP: 10/10
     2 | D:1      | Learned a level 1 spell: Sting
   298 | D:1      | Found a faded altar of an unknown god.
   349 | D:1      | Became a worshipper of Ru the Awakened
   351 | D:1      | Gained mutation: You are sensitive to extremes of
                  | temperature. (rF-, rC-) [Ru sacrifice]
   351 | D:1      | Reached * piety under Ru
   351 | D:1      | Reached ** piety under Ru
   398 | D:1      | Slain by a quokka

Table legend: (Time is in decaauts)
 A = Elapsed time spent in this place.
 B = Non-inter-level travel time spent in this place.
 C = Inter-level travel time spent in this place.
 D = Time resting spent in this place.
 E = Time spent auto-exploring this place.
 F = Levels seen in this place.
 G = Mean time per level.
                   A        B        C        D        E       F      G
               +--------+--------+--------+--------+--------+-----+--------+
         Total |    400 |    400 |      0 |    242 |    110 |   1 |  400.0 |
       Dungeon |    400 |    400 |      0 |    242 |    110 |   1 |  400.0 |
               +--------+--------+--------+--------+--------+-----+--------+

Top non-repeatable levels by time:
     D:1: 400 daAuts

Table legend:
 A = Kills in this place as a percentage of kills in entire the game.
 B = Kills by you in this place as a percentage of kills by you in the entire game.
 C = Kills by friends in this place as a percentage of kills by friends in the entire game.
 D = Other kills in this place as a percentage of other kills in the entire game.
 E = Experience gained in this place as a percentage of experience gained in the entire game.
 F = Experience gained in this place divided by the number of levels of this place that you have seen.
                   A       B       C       D       E      F
               +-------+-------+-------+-------+-------+----------------------
         Total | 100.0 | 100.0 |   N/A |   N/A | 100.0 |   5.0
       Dungeon | 100.0 | 100.0 |   N/A |   N/A | 100.0 |   5.0
               +-------+-------+-------+-------+-------+----------------------

Action                   || total
-------------------------++-------
Melee: Club              ||     8
 Cast: Sting             ||     6
Invok: Sacrifice Resista ||     1
Armor: Robe              ||     2
Dodge: Dodged            ||     4

Vanquished Creatures
  2 goblins (D:1)
  A rat (D:1)
3 creatures vanquished.
